 Dungeon Crawl Stone Soup version 0.29.1-13-g9f3cf754e1 (webtiles) character file.

Game seed: 4175845147874680894

44 Heoruswealwe the Shield-Bearer (level 3, -1/33 HPs)
             Began as a Minotaur Fighter on Feb 9, 2023.
             Was a Believer of Trog.
             Slain by an orc
             ... wielding a +0 mace
              (5 damage)
             ... on level 1 of the Dungeon.
             The game lasted 00:08:38 (678 turns).

Heoruswealwe the Shield-Bearer (Minotaur Fighter)    Turns: 678, Time: 00:08:40

Health: -1/33      AC:  7    Str: 22    XL:     3   Next: 39%
Magic:  2/2        EV:  9    Int:  5    God:    Trog [**....]
Gold:   50         SH:  4    Dex:  9    Spells: 2/2 levels left

rFire   . . .      SeeInvis .   a - +0 trident
rCold   . . .      Faith    .   c - +0 buckler
rNeg    . . .      Spirit   .   b - +0 scale mail
rPois   .          Reflect  .   (helmet restricted)
rElec   .          Harm     .   (no cloak)
rCorr   .          Rampage  .   (no gloves)
Will    .....                   (no boots)
Stlth   ..........              (no amulet)
HPRegen 0.11/turn               (no ring)
MPRegen 0.08/turn               (no ring)

@: no status effects
A: horns 2, retaliatory headbutt
a: Renounce Religion, Berserk, Trog's Hand


You were on level 1 of the Dungeon.
You worshipped Trog.
Trog was pleased with you.
You visited 1 branch of the dungeon, and saw 2 of its levels.

You collected 50 gold pieces.

Inventory:

Hand Weapons
 a - a +0 trident (weapon)
 e - a +0 dagger
 j - a +0 spear
 m - a +0 club
 o - a +0 club
Missiles
 g - 4 stones (quivered)
Armour
 b - a +0 scale mail (worn)
 c - a +0 buckler (worn)
 q - a +0 leather armour
Scrolls
 h - a scroll of immolation {unknown}
 k - a scroll of noise {unknown}
 l - a scroll of identify {unknown}
 n - a scroll of amnesia {unknown}
 r - a scroll of fear {unknown}
Potions
 d - 2 potions of might
 f - 2 potions of heal wounds {unknown}
 i - a potion of degeneration {unknown}
 p - a potion of ambrosia {unknown}


   Skills:
 + Level 3.9 Fighting
 + Level 3.3 Polearms
 + Level 4.1 Armour
 + Level 0.3 Dodging
 + Level 4.1 Shields


You had 2 spell levels left.
You didn't know any spells.
Your spell library was empty.

Dungeon Overview and Level Annotations

Branches:
Dungeon (2/15)

Altars:
Trog

Annotations:
D:2 Robin


Innate Abilities, Weirdness & Mutations

You have a pair of horns on your head.
You reflexively headbutt those who attack you in melee.


Message History

The goblin hits you with a +0 dagger. You block the orc's attack.
The hobgoblin hits you but does no damage.
The goblin hits you with a +0 club.
* * * LOW HITPOINT WARNING * * *
You block the goblin's attack. The goblin hits you but does no damage.
The hobgoblin hits you but does no damage.
You climb upwards.
There is a stone staircase leading down here.
You puncture the goblin!
You kill the goblin!
Trog accepts your kill. The hobgoblin closely misses you.
The hobgoblin barely misses you.
You closely miss the goblin. The hobgoblin barely misses you.
The hobgoblin hits you but does no damage.
The goblin barely misses you. You furiously retaliate!
You headbutt the goblin!
You kill the goblin!
Trog accepts your kill.
You hit the hobgoblin.
The hobgoblin is heavily wounded.
The hobgoblin barely misses you.
The hobgoblin hits you but does no damage.
You barely miss the hobgoblin. You headbutt the hobgoblin.
You kill the hobgoblin!
Trog accepts your kill. The hobgoblin barely misses you.
You puncture the hobgoblin!
You kill the hobgoblin!
Trog accepts your kill.
You can now call upon Trog for regeneration and willpower.
The orc hits you with a +0 mace.
* * * LOW HITPOINT WARNING * * *
You hit the goblin.
The goblin is severely wounded.
The goblin closely misses you. You furiously retaliate!
You headbutt the goblin.
You kill the goblin!
Trog accepts your kill. The orc hits you with a +0 mace.
You die...

..#..................#######...##
.....................#...._#...#
#.###....รท.###...#..#......#...##
#..##.####.##>......#......#.....
##.##.# #.##.###..........#.....
##..#.# ##.....###...8.....#.....
###...###.......##.#.......#.....
..........###.#)o#.##......#.....
.....#.######.##@)..#.8...8#.....
.......# #..####..#............
......######.#####...............
.................................
.......#####.#####.....#.........
.......# #...# #.............##
...########### #.....#...##....
####.........######.##.#...##....
#...####'####...###.##........##.


You could see an orc.

Vanquished Creatures
  An adder (D:2)
  A dart slug (D:1)
  4 bats (D:1)
  3 endoplasms (D:1)
  A giant cockroach (D:1)
  6 goblins
  3 hobgoblins
  2 jackals (D:1)
  3 quokkas
  A ball python (D:1)
  3 frilled lizards (D:1)
  A kobold (D:1)
  A rat (D:1)
30 creatures vanquished.

Vanquished Creatures (others)
  10 toadstools (D:2)
10 creatures vanquished.

Grand Total: 40 creatures vanquished

Notes
Turn   | Place    | Note
-------+----------+-------------------------------------------
     0 | D:1      | Heoruswealwe the Minotaur Fighter began the quest for the
                  | Orb.
     0 | D:1      | Reached XP level 1. HP: 19/19 MP: 0/0
   158 | D:1      | Reached XP level 2. HP: 26/27 MP: 1/1
   170 | D:1      | Found a faded altar of an unknown god.
   180 | D:1      | Prayed at the altar of an unknown god.
   180 | D:1      | Became a worshipper of Trog the Wrathful
   180 | D:1      | Reached * piety under Trog
   607 | D:2      | Reached XP level 3. HP: 32/33 MP: 2/2
   668 | D:2      | Noticed Robin
   677 | D:1      | Reached ** piety under Trog
   678 | D:1      | Slain by an orc

Illustrated notes

Levels and vault maps discovered:
D:1:      dpeg_arrival_another_circle, layout_rooms,
          shapermc_ecumenical_altar_pompeii
D:2:      cheibrodos_fertilizer, layout_rooms, basic_altar,
          serial_bayou_lagoon_a, uniq_robin

Skill      XL: |  1  2 |
---------------+-------+-----
Polearms       | 3 |  3.3
Shields        | 4 |  4.1
Armour         | 4 |  4.1
Fighting       | |  3.9
Dodging        | |  0.3

Action                   || total
-------------------------++-------
Melee: Trident           ||    62
       Headbutt          ||     8
Armor: Scale mail        ||    47
Dodge: Dodged            ||    33
Block: Buckler           ||    25
